 Dungeon Crawl Stone Soup version 0.30-a0-852-g08b95dd62f (webtiles) character file.

Game seed: 6099230701683065522

25651 Pooter the Severer (level 12, -11/103 HPs)
             Began as a Minotaur Fighter on Mar 4, 2023.
             Was a High Priest of Okawaru.
             Killed from afar by an orc sorcerer (17 damage)
             ... with a bolt of fire
             ... led by an orc high priest
             ... on level 2 of the Orcish Mines.
             The game lasted 01:52:43 (20279 turns).

Pooter the Severer (Minotaur Fighter)              Turns: 20279, Time: 01:52:44

Health: -11/103    AC: 21    Str: 30    XL:     12   Next: 91%
Magic:  13/13      EV:  9    Int:  5    God:    Okawaru [*****.]
Gold:   1069       SH:  0    Dex: 12    Spells: 10/11 levels left

rFire   . . .      SeeInvis .    v - +10 dark maul {heavy}
rCold   . . .      Faith    +    (shield currently unavailable)
rNeg    . . .      Spirit   .    M - +5 chain mail {Will+}
rPois   .          Reflect  .    i - +0 hat {Stlth+}
rElec   .          Rampage  .    (no cloak)
rCorr   .                        G - +2 pair of gloves
Will    ++...                    j - +1 pair of boots Stlth
                                 E - amulet of faith {!P}
HPRegen 0.37/turn                F - ring of willpower
MPRegen 0.13/turn                B - +6 ring of strength

@: studying Throwing
A: horns 2, retaliatory headbutt
a: Renounce Religion, Heroism, Finesse, Duel


You were on level 2 of the Orcish Mines.
You worshipped Okawaru.
Okawaru was extremely pleased with you.
You visited 3 branches of the dungeon, and saw 13 of its levels.
You also visited: Sewer and Bailey.

You collected 1069 gold pieces.

Inventory:

Hand Weapons
 a - a +1 heavy dire flail
   (You took it off a two-headed ogre on level 1 of the Orcish Mines)
 b - a +4 longbow of draining
   (You found it in a bailey)
 l - a +2 war axe of electrocution
   (You found it on level 8 of the Dungeon)
 p - a +0 war axe
 r - a +0 morningstar of holy wrath
   (You took it off an orc on level 3 of the Dungeon)
 s - a +2 heavy glaive
   (You took it off an orc warrior on level 2 of the Orcish Mines)
 v - the +10 dark maul (weapon) {heavy}
   (You took it off a two-headed ogre on level 1 of the Orcish Mines)
 H - a +0 trident
   (You took it off Blork the orc on level 6 of the Dungeon)
 K - a +4 dire flail
   (You took it off a wight on level 9 of the Dungeon)
 L - a +1 battleaxe of flaming
   (You found it on level 3 of the Dungeon)
 P - a +4 scimitar of flaming
   (You took it off Erica on level 8 of the Dungeon)
Missiles
 n - 13 javelins
 q - 28 poisoned darts (quivered)
 J - 2 curare-tipped darts
 Q - 92 stones
 T - 3 silver javelins
 U - 7 atropa-tipped darts
Armour
 c - a +0 buckler
 i - a +0 hat of stealth (worn)
   (You took it off Gastronok on level 9 of the Dungeon)
 j - a +1 pair of boots (worn)
   (You found it on level 1 of the Dungeon)
 G - a +2 pair of gloves (worn)
   (You found it on level 6 of the Dungeon)
 M - a +5 chain mail of willpower (worn)
   (You found it on level 8 of the Dungeon)
Jewellery
 w - a ring of flight
   (You found it on level 3 of the Dungeon)
 B - a +6 ring of strength (right hand)
   (You found it on level 4 of the Dungeon)
 C - a ring of resist corrosion
   (You found it on level 6 of the Dungeon)
 E - an amulet of faith (around neck) {!P}
   (You found it on level 8 of the Dungeon)
 F - a ring of willpower (left hand)
   (You found it on level 4 of the Dungeon)
 O - an amulet of the acrobat
   (You found it on level 7 of the Dungeon)
Wands
 f - a wand of flame (17)
   (You took it off Grinder on level 3 of the Dungeon)
 u - a wand of paralysis (3)
   (You took it off a kobold brigand on level 10 of the Dungeon)
 S - a wand of polymorph (1)
   (You found it on level 9 of the Dungeon)
Scrolls
 m - 3 scrolls of magic mapping
 o - a scroll of torment {!r}
 D - 2 scrolls of fog
 I - a scroll of brand weapon
Potions
 d - 2 potions of might
 e - 2 potions of lignification {unknown}
 g - 5 potions of flight
 h - 2 potions of haste {@q3}
 k - 3 potions of mutation {!q}
 x - 7 potions of curing {@q1}
 z - 3 potions of degeneration {unknown}
 N - 2 potions of berserk rage {unknown}
 R - 2 potions of cancellation {unknown}
 V - 3 potions of attraction {!q}


   Skills:
 + Level 8.7 Fighting
 * Level 17.0 Axes
 * Level 10.4 Ranged Weapons
 + Level 8.8 Throwing
 - Level 8.6 Armour
 - Level 3.6 Shields
 - Level 2.6 Transmutations
 + Level 3.3 Invocations
 + Level 6.0 Evocations


You had 10 spell levels left.
You knew the following spells:

 Your Spells              Type           Power      Damage    Failure   Level
a - Beastly Appendage     Tmut           4%         N/A       58%         1

Your spell library contained the following spells:

 Spells                   Type           Power      Damage    Failure   Level
 Ignite Poison            Fire/Tmut/Pois 0%         N/A       99%         3
 Dazzling Flash           Conj/Hex       0%         N/A       100%        3
 Kindle Blastsparks       Fire/Tloc/Air  0%         2d10      100%        3
 Stone Arrow              Conj/Erth      0%         3d7       100%        3
 Flame Wave               Conj/Fire      0%         2d4       100%        4
 Iskenderun's Mystic Bla  Conj/Tloc      0%         2d3       100%        4
 Agony                    Necr           0%         N/A       100%        5
 Freezing Cloud           Conj/Ice/Air   0%         6-21      100%        5
 Silence                  Hex/Air        0%         N/A       100%        5
 Yara's Violent Unravell  Hex/Tmut       0%         3d3       100%        5
 Polar Vortex             Ice            0%         N/A       100%        9
 Call Canine Familiar     Summ           Unusable   N/A       N/A         3

Dungeon Overview and Level Annotations

Branches:
Dungeon (10/15)            Temple (1/1) D:7             Orc (2/2) D:10
  Sewer (visited)          Bailey (visited)
   Lair: D:8-11         Elf: Orc:2

Altars:
Ashenzari
Cheibriados
Dithmenos
Elyvilon
Fedhas
Gozag
Hepliaklqana
Kikubaaqudgha
Makhleb
Nemelex Xobeh
Okawaru
Qazlal
Ru
Sif Muna
Trog
Uskayaw
Vehumet
Wu Jian
Xom
Yredelemnul
Zin
The Shining One

Shops:
Orc:2 (**(

Annotations:
D:2 1 runed translucent door, Crazy Yiuf
D:7 1 exclusion


Innate Abilities, Weirdness & Mutations

You have a pair of horns on your head.
You reflexively headbutt those who attack you in melee.


Message History

An orc wizard comes into view. It is wielding a +0 dagger.
An ogre comes into view. It is wielding a +0 giant club.
You hear two shouts!
As you read the scroll of teleportation {@r4}, it crumbles to dust.
You feel strangely unstable.
The ogre shouts!
The orc wizard gestures wildly while chanting.
The orc wizard flickers and vanishes!
An ogre comes into view. It is wielding a +0 giant club.
Your surroundings suddenly seem different.
A two-headed ogre and an orc warrior come into view.
The two-headed ogre shouts in stereo!
The orc warrior shouts!
You hear a shout! x2
The orc warrior unwields a +0 war axe.
The orc warrior wields a +0 arbalest.
The orc warrior shoots a bolt.
The bolt hits you but does no damage.
The ogre moves out of view.
You hear a shout!
You hear two shouts!
Unknown command.
Okay, then.
You feel much better.
You hear a shout!
A magic dart appears from out of thin air!
The magic dart hits you but does no damage.
The orc warrior shoots a bolt.
The bolt hits you!
* * * LOW HITPOINT WARNING * * *
v - the +10 dark maul (weapon)
{heavy} You bludgeon the two-headed ogre!!
You headbutt the two-headed ogre!
The two-headed ogre hits you with a +0 giant spiked club.
* * * LOW HITPOINT WARNING * * *
The two-headed ogre hits you but does no damage.
The orc warrior shoots a bolt.
The bolt barely misses you.
The orc warrior shoots a bolt.
The bolt barely misses you.
The two-headed ogre hits you with a +0 giant spiked club!!
* * * LOW HITPOINT WARNING * * *
The two-headed ogre hits you but does no damage.
The ogre mage gestures wildly while chanting.
The ogre mage flickers and vanishes!
An orc sorcerer comes into view. It is wielding a +0 dagger.
Unknown command.
You pound the two-headed ogre like an anvil!!!!
You kill the two-headed ogre!
Okawaru is honoured by your kill.
An orc sorcerer comes into view. It is wielding a +0 dagger.
An orc high priest comes into view. It is wielding a +0 mace.
The orc warrior shoots a bolt.
The bolt misses you.
The orc sorcerer hits you but does no damage.
Something hits you but does no damage.
An ogre comes into view. It is wielding a +0 giant spiked club.
The orc sorcerer points at you and mumbles some strange words.
The bolt of fire hits you!
You die...

##..### .... ... ....
... .... .... .....
.....# .....O#
......o####
.....O)@..#
....O.....o....
.......O..o...#
.......o...#.##
............o......# #
....................#
.........O^..........
.......O..............
................


You could see an orc high priest, a two-headed ogre, 2 orc sorcerers, an orc
warrior, 4 ogres and an orc.

Vanquished Creatures
  Gastronok (D:9)
  2 orc warlords (Orc:1)
  An ogre mage (Orc:2)
  2 centaur warriors
  Erica (D:8)
  10 two-headed ogres
  3 death yaks
  Pikel (D:5)
  2 orc sorcerers
  A cyclops (Orc:1)
  2 gargoyles (D:10)
  4 trolls
  A hornet (D:10)
  Grinder (D:3)
  4 spriggans (Bailey)
  A wyvern (D:8)
  7 yaks (D:9)
  3 steam dragons
  Grum (D:8)
  A warg (Orc:2)
  2 acid dragons (D:10)
  A water moccasin (D:5)
  17 orc warriors
  2 ice beasts
  23 ogres
  4 wolves (D:8)
  5 centaurs
  4 lemures (D:5)
  A phantom (D:5)
  5 kobold brigands
  6 bullfrogs
  Blork the orc (D:6)
  3 scorpions
  2 gnoll sergeants
  9 wights
  2 howler monkeys
  4 hounds
  A jelly (D:7)
  15 orc priests
  An iguana (D:4)
  Terence (D:3)
  A hell rat (D:10)
  Ijyb (D:2)
  12 orc wizards
  Robin (D:3)
  18 adders
  5 river rats (Sewer)
  A shadow imp (D:8)
  A white imp (D:6)
  3 ufetubi
  A worm (D:3)
  4 dart slugs
  65 orcs
  18 ball pythons
  11 endoplasms
  8 giant cockroaches
  16 goblins
  7 hobgoblins
  3 jackals (D:3)
  5 quokkas
  5 bats
  9 frilled lizards
  29 kobolds
  28 rats
410 creatures vanquished.

Vanquished Creatures (others)
  A goblin (D:3)
  A hobgoblin (D:3)
  A fungus (D:1)
  A plant (D:1)
4 creatures vanquished.

Grand Total: 414 creatures vanquished

Notes
Turn   | Place    | Note
-------+----------+-------------------------------------------
     0 | D:1      | Pooter the Minotaur Fighter began the quest for the Orb.
     0 | D:1      | Reached XP level 1. HP: 19/19 MP: 0/0
   126 | D:1      | Reached skill level 3 in Axes
   157 | D:1      | Reached XP level 2. HP: 18/26 MP: 1/1
   210 | D:1      | Got the Catalogue of the Variable Retinue
   213 | D:1      | Learned a level 1 spell: Beastly Appendage
   213 | D:1      | Found a faded altar of an unknown god.
   513 | D:1      | Reached skill level 4 in Axes
   669 | D:1      | Reached XP level 3. HP: 31/31 MP: 2/2
   924 | D:2      | Reached skill level 1 in Transmutations
  1182 | D:2      | Reached XP level 4. HP: 39/39 MP: 3/3
  1553 | D:2      | Found a runed translucent door.
  1554 | D:2      | Noticed Crazy Yiuf
  1744 | D:3      | Noticed Ijyb
  1744 | D:3      | Noticed Robin
  1749 | D:2      | Reached skill level 5 in Axes
  1947 | D:2      | Killed Ijyb
  1982 | D:3      | Noticed Grinder
  1984 | D:3      | Killed Robin
  1989 | D:3      | Reached XP level 5. HP: 28/45 MP: 4/4
  2660 | D:3      | Killed Grinder
  2661 | D:3      | Reached skill level 6 in Axes
  2661 | D:3      | Reached XP level 6. HP: 49/51 MP: 5/5
  2892 | D:3      | Reached skill level 7 in Axes
  3038 | D:3      | Noticed Terence
  3045 | D:3      | Killed Terence
  3087 | D:3      | Identified the +2 robe of the Game Afoot {Int+7}
  3431 | D:4      | Found a glowing drain.
  3450 | Sewer    | Entered a sewer
  3539 | Sewer    | Reached skill level 8 in Axes
  3553 | Sewer    | Reached XP level 7. HP: 46/57 MP: 6/6
  3740 | Sewer    | Reached skill level 9 in Axes
  4163 | D:4      | Found a sparkling altar of Nemelex Xobeh.
  4644 | D:5      | Entered Level 5 of the Dungeon
  4791 | D:5      | Reached skill level 10 in Axes
  4879 | D:5      | Noticed Pikel
  5155 | D:5      | Found a bloodstained altar of Trog.
  5501 | D:5      | Reached XP level 8. HP: 41/64 MP: 7/7
  5509 | D:5      | Reached skill level 11 in Axes
  5910 | D:5      | Killed Pikel
  5911 | D:5      | Reached skill level 13 in Axes
  6203 | D:6      | Reached XP level 9. HP: 62/71 MP: 8/8
  6238 | D:6      | Noticed a troll
  6247 | D:6      | Killed a troll
  6248 | D:6      | Reached skill level 1 in Ranged Weapons
  6248 | D:6      | Reached skill level 1 in Evocations
  6616 | D:6      | Noticed Blork the orc
  6623 | D:6      | Killed Blork the orc
  6749 | D:6      | Found a radiant altar of Vehumet.
  7228 | D:7      | Reached skill level 1 in Throwing
  7885 | D:7      | Found a shimmering blue altar of Sif Muna.
  7936 | D:7      | Found a staircase to the Ecumenical Temple.
  7945 | Temple   | Entered the Ecumenical Temple
  8115 | D:7      | Noticed a two-headed ogre
  8123 | D:7      | Killed a two-headed ogre
  8124 | D:7      | Reached skill level 5 in Fighting
  8124 | D:7      | Reached skill level 14 in Axes
  8124 | D:7      | Reached skill level 5 in Armour
  8419 | D:7      | Reached XP level 10. HP: 81/81 MP: 9/9
  8483 | D:8      | Noticed Erica
  8502 | D:8      | Killed Erica
  8503 | D:8      | Reached skill level 5 in Ranged Weapons
  9125 | D:8      | Found an iron altar of Okawaru.
  9133 | D:8      | Became a worshipper of Warmaster Okawaru
  9158 | D:8      | Noticed Grum
  9167 | D:8      | Killed Grum
  9653 | D:8      | Reached * piety under Okawaru
  9772 | D:8      | Found a glowing silver altar of Zin.
  9773 | D:8      | Found a burning altar of Makhleb.
  9775 | D:8      | Noticed an angel
  9776 | D:8      | Noticed an Executioner
  9872 | D:8      | Identified the +1 short sword "Pakkarph" {freeze, rElec}
 10306 | D:9      | Reached skill level 5 in Throwing
 10308 | D:9      | Reached ** piety under Okawaru
 10309 | D:9      | Reached skill level 15 in Axes
 10532 | D:9      | Noticed Gastronok
 10549 | D:9      | Killed Gastronok
 10550 | D:9      | Reached XP level 11. HP: 66/90 MP: 10/10
 10641 | D:9      | Noticed a centaur warrior
 10651 | D:9      | Killed a centaur warrior
 10945 | D:10     | Entered Level 10 of the Dungeon
 10955 | D:10     | Found a flagged portal.
 10973 | Bailey   | Entered a bailey
 11223 | Bailey   | Noticed a two-headed ogre
 11229 | Bailey   | Killed a two-headed ogre
 11229 | Bailey   | Reached *** piety under Okawaru
 11650 | D:10     | Noticed a centaur warrior
 11965 | D:10     | Killed a centaur warrior
 11975 | D:10     | Noticed a two-headed ogre
 11984 | D:10     | Killed a two-headed ogre
 11993 | D:10     | Got the Catalogue of Frost and Attacks
 12196 | D:10     | Noticed a two-headed ogre
 12202 | D:10     | Killed a two-headed ogre
 12202 | D:10     | Received a gift from Okawaru
 12225 | D:10     | Noticed a death yak
 12382 | D:10     | Killed a death yak
 12387 | D:10     | Noticed a death yak
 12420 | D:10     | Noticed a death yak
 12428 | D:9      | Killed a death yak
 12428 | D:9      | Reached **** piety under Okawaru
 12429 | D:9      | Reached skill level 16 in Axes
 12501 | D:10     | Killed a death yak
 12839 | D:10     | Noticed a two-headed ogre
 12849 | D:10     | Killed a two-headed ogre
 12850 | D:10     | Reached skill level 5 in Evocations
 12935 | D:10     | Reached ***** piety under Okawaru
 12936 | D:10     | Reached skill level 1 in Invocations
 12936 | D:10     | Reached XP level 12. HP: 57/100 MP: 11/11
 13113 | D:10     | Found an ornate altar of the Wu Jian Council.
 13175 | D:10     | Found a hazy altar of Hepliaklqana.
 13175 | D:10     | Found a faded altar of an unknown god.
 13204 | D:10     | Found a staircase to the Orcish Mines.
 13236 | Orc:1    | Entered Level 1 of the Orcish Mines
 13553 | Orc:2    | Entered Level 2 of the Orcish Mines
 14327 | Orc:1    | Received a gift from Okawaru
 14443 | Orc:1    | Noticed an orc warlord
 14470 | Orc:1    | Killed an orc warlord
 15416 | Orc:2    | Received a gift from Okawaru
 16342 | Orc:1    | Noticed an orc warlord
 16365 | Orc:1    | Killed an orc warlord
 16621 | Orc:1    | Noticed a two-headed ogre
 16630 | Orc:1    | Killed a two-headed ogre
 16630 | Orc:1    | Received a gift from Okawaru
 16803 | Orc:2    | Noticed a two-headed ogre
 16849 | Orc:2    | Reached skill level 10 in Ranged Weapons
 17153 | Orc:2    | Received a gift from Okawaru
 17791 | Orc:2    | Noticed a two-headed ogre
 17803 | Orc:2    | Killed a two-headed ogre
 18181 | Orc:2    | Noticed a two-headed ogre
 18188 | Orc:2    | Killed a two-headed ogre
 19292 | Orc:2    | Noticed a two-headed ogre
 19298 | Orc:2    | Killed a two-headed ogre
 19434 | Orc:2    | Received a gift from Okawaru
 19632 | Orc:2    | Noticed an ogre mage
 19644 | Orc:2    | Killed an ogre mage
 20238 | Orc:2    | Noticed an ogre mage
 20248 | Orc:2    | Identified the +2 plate armour of Edururuo {rPois rN+
                  | Will-} (Okawaru gifted it to you on level 2 of the Orcish
                  | Mines)
 20248 | Orc:2    | Received a gift from Okawaru
 20249 | Orc:2    | Reached skill level 17 in Axes
 20255 | Orc:2    | Noticed an ogre mage
 20263 | Orc:2    | Found Damuamin's Assorted Antiques.
 20263 | Orc:2    | Found Ziasuenn's Weapon Boutique.
 20264 | Orc:2    | Found Apteolim's Antique Weapon Shop.
 20264 | Orc:2    | Found Mahaeh's General Store.
 20267 | Orc:2    | HP: 3/103 [something/bolt of magma (9)]
 20271 | Orc:2    | Noticed an ogre mage
 20275 | Orc:2    | Noticed a two-headed ogre
 20278 | Orc:2    | HP: 5/103 [two-headed ogre/+0 giant spiked club (20)]
 20279 | Orc:2    | Killed a two-headed ogre
 20279 | Orc:2    | Noticed an orc high priest
 20279 | Orc:2    | Killed from afar by an orc sorcerer

Illustrated notes

Levels and vault maps discovered:
D:1:      scummos_arrival_hexagon, layout_basic,
          dreamdust_ecumenical_altar_grove
D:2:      layout_loops_corners, minivault_23, uniq_crazy_yiuf_cottage
D:3:      layout_basic, uniq_grinder, uniq_ijyb, uniq_robin, uniq_terence
D:4:      layout_basic, nemelex_spade_bored_becter, gup_sewer_entry_glass
D:5:      minmay_diamond_boxcup, layout_basic, nicolae_overflow_hidden_temple,
          minmay_puff, uniq_pikel
D:6:      layout_loops_cross, nicolae_vehumet_altar_sigil, minmay_manual_moon,
          uniq_blork_the_orc
D:7:      layout_basic, led_sif_book, minmay_temple_entry_antechambers,
          chequers_arboretum, minmay_misc_feat_hallway
D:8:      layout_loops_ring, grunt_temple_overflow_order_and_chaos_2,
          okawaru_trees_2, minmay_misc_feat_alley, minivault_25, uniq_erica,
          uniq_grum
D:9:      layout_roguey, uniq_gastronok
D:10:     layout_cave_pools, beargit_hepliaklqana_dungeon_heroes,
          nzn_wu_jian_council_hall, dpeg_lair_monsters, david_orc_2,
          enter_bailey_5, minmay_misc_feat_encased
Temple:   nicolae_temple_ecumenical_triangle
Orc:1:    layout_caves, basic_altar, hellmonk_guarded_unrand_dark_maul
Orc:2:    st_orc_ogre_mass, layout_caves, portal_ice_cave_demonic_guard

Skill      XL: |  1  2  3  4  5  6  7  8  9 10 11 12 |
---------------+-------------------------------------+-----
Axes           | 3 4 5 6 8 10 13 14 15 16 17 | 17.0
Transmutations | 1 2 |  2.6
Fighting       | 5 6 7 8 |  8.7
Ranged Weapons | 4 6 9 10 | 10.4
Armour         | 5 6 7 8 |  8.6
Evocations     | 2 3 5 6 |  6.0
Throwing       | 3 5 7 8 |  8.8
Invocations    | 1 3 |  3.3
Shields        | |  3.6

Action                     |  1- 3 |  4- 6 |  7- 9 | 10-12 || total
---------------------------+-------+-------+-------+-------++-------
  Melee: War axe           |    79 |    35 |       |       ||   114
         Headbutt          |     8 |    20 |    21 |    74 ||   123
         Battleaxe         |       |    77 |   184 |   300 ||   561
         Dire flail        |       |       |       |    24 ||    24
         Maul              |       |       |       |     8 ||     8
   Fire: Sling             |       |     9 |    17 |       ||    26
         Shortbow          |       |       |    16 |    14 ||    30
         Longbow           |       |       |       |   177 ||   177
  Throw: Stone             |       |     1 |     3 |       ||     4
         Javelin           |       |       |     4 |     5 ||     9
         Dart              |       |       |     1 |    16 ||    17
 Invoke: Heroism           |       |       |       |    12 ||    12
  Evoke: Wand              |       |     2 |     5 |     2 ||     9
    Use: Scroll            |     3 |     6 |     4 |    19 ||    32
         Potion            |       |       |     4 |     7 ||    11
   Stab: Paralysed         |       |       |       |     3 ||     3
 Armour: Scale mail        |    44 |       |       |       ||    44
         Chain mail        |     4 |    92 |   162 |   214 ||   472
  Dodge: Dodged            |    33 |    65 |    97 |   162 ||   357
  Block: Buckler           |    22 |    10 |       |       ||    32

Table legend: (Time is in decaauts)
 A = Elapsed time spent in this place.
 B = Non-inter-level travel time spent in this place.
 C = Inter-level travel time spent in this place.
 D = Time resting spent in this place.
 E = Time spent auto-exploring this place.
 F = Levels seen in this place.
 G = Mean time per level.
                   A        B        C        D        E       F      G
               +--------+--------+--------+--------+--------+-----+--------+
         Total |  20370 |  20057 |    313 |   8759 |   7976 |  15 | 1358.0 |
       Dungeon |  12431 |  12163 |    268 |   3099 |   7177 |  10 | 1243.1 |
        Temple |     46 |     37 |      9 |      0 |     30 |   1 |   46.0 |
  Orcish Mines |   6833 |   6797 |     36 |   5225 |    491 |   2 | 3416.5 |
         Sewer |    391 |    391 |      0 |      0 |    238 |   1 |  391.0 |
        Bailey |    666 |    666 |      0 |    435 |     40 |   1 |  666.0 |
               +--------+--------+--------+--------+--------+-----+--------+

Top non-repeatable levels by time:
   Orc:2: 4150 daAuts
   Orc:1: 2683 daAuts
     D:2: 1845 daAuts
     D:9: 1576 daAuts
     D:8: 1503 daAuts
     D:5: 1488 daAuts
     D:7: 1374 daAuts
    D:10: 1226 daAuts
     D:6: 927 daAuts
     D:4: 867 daAuts
     D:1: 816 daAuts
     D:3: 805 daAuts
  Bailey: 666 daAuts
   Sewer: 391 daAuts
  Temple: 46 daAuts
